 Dungeon Crawl Stone Soup version 0.23-a0-703-gdf2d5e0 (webtiles) character file.

1033 Lanoc the Shield-Bearer (level 8, -4/62 HPs)
             Began as a Formicid Fighter on Jan 14, 2019.
             Killed from afar by an orc wizard (8 damage)
             ... with a magic dart
             ... on level 6 of the Dungeon.
             The game lasted 00:08:06 (3980 turns).

Lanoc the Shield-Bearer (Formicid Fighter)          Turns: 3980, Time: 00:08:07

Health: -4/62      AC: 12    Str: 23    XL:     8   Next: 48%
Magic:  8/8        EV:  7    Int: 13    God:
Gold:   294        SH: 11    Dex: 12    Spells: 7/7 levels left

rFire    . . .     SeeInvis +   a - +0 long sword
rCold    . . .     Gourm    +   c - +1 shield
rNeg     + . .     Faith    .   k - +0 plate armour
rPois    .         Spirit   .   (helmet unavailable)
rElec    .         Reflect  .   (no cloak)
rCorr    .         Harm     .   (no gloves)
MR       .....                  (no boots)
Stlth    ..........             r - amulet of the gourmand
HPRegen  0.20/turn              i - ring of positive energy
MPRegen  0.11/turn              e - +2 ring of dexterity

@: brilliant
A: permanent stasis, dig shafts and tunnels, four strong arms, antennae 3,
camouflage 1, blurry vision 1, high mp 1
a: Dig, Shaft Self


You were on level 6 of the Dungeon.
You were full.

You visited 1 branch of the dungeon, and saw 6 of its levels.

You collected 294 gold pieces.

Inventory:

Hand Weapons
 a - a +0 long sword (weapon)
Missiles
 h - 61 sling bullets
Armour
 c - a +1 shield (worn)
 k - a +0 plate armour (worn)
 u - the +2 robe "Zatycin" {rF+++ rC- rCorr Str+4}
   (You found it on level 6 of the Dungeon)

   It affects your strength (+4).
   It renders you almost immune to fire.
   It makes you vulnerable to cold.
   It provides partial protection from all sources of acid and corrosion.
Jewellery
 e - a +2 ring of dexterity (right hand)
 i - a ring of positive energy (left hand)
 r - an amulet of the gourmand (around neck)
Scrolls
 b - 4 scrolls of remove curse
 p - a scroll of enchant armour
 q - a scroll of fear {unknown}
 s - a scroll of magic mapping {unknown}
 t - a scroll of fog {unknown}
Potions
 n - 2 potions of cancellation
Comestibles
 f - 7 rations


   Skills:
 + Level 5.2 Fighting
 * Level 5.7 Long Blades
 + Level 5.2 Armour
 + Level 3.2 Dodging
 + Level 5.8 Shields


You had 7 spell levels left.
You didn't know any spells.
Your spell library was empty.

Dungeon Overview and Level Annotations

Branches:
Dungeon (6/15)
 Temple: D:4-7

Altars:
Kikubaaqudgha

Annotations:
D:6 Eustachio


Innate Abilities, Weirdness & Mutations

You cannot be hasted, slowed, berserked, paralysed or teleported.
You can dig through walls and to a lower floor.
Your four strong arms can wield two-handed weapons with a shield.
You have a pair of large antennae on your head. (SInv)
Your skin changes colour to match your surroundings (Stealth+).
Scrolls take you a little longer to read.
You have an increased reservoir of magic. (+10% MP)


Message History

The orc wizard casts a cantrip, but nothing happens.
The bat closely misses you.
Eustachio mumbles some strange words.
The orc wizard casts a spell.
The orc wizard seems to speed up.
You block the bat's attack. You block the worker ant's attack.
You hear a shout!
The bat hits you but does no damage.
The orc wizard begins to cast a cantrip, but forgets the words!
You block the bat's attack.
Found a stone staircase leading down.
The bat hits you but does no damage.
The phantom blinks!
You block the bat's attack. The bat barely misses you.
You riposte.
You slash the bat!
You kill the bat!
The bat's corpse disappears in a puff of smoke!
You block the worker ant's attack.
Eustachio zaps a wand.
You easily resist.
The orc wizard gestures at you while chanting.
The magic dart hits you!
You die...

.................'.
.................# .....
.................# ......
.................##......
...................>......
...........#.............
#######'####.............
####....................
................@...#'# ######
................a...#'##......
.........#...#...ยง............
.........#...#....oo..........
####.....#...#....5...........
####.....#...#................
..##.............@.r..........
..##..............r..r........
....................#'##......


You could see Eustachio, a worker ant, an orc wizard, a river rat, a white imp,
an orc and 2 rats.

Vanquished Creatures
  Grinder (D:6)
  A hungry ghost (D:5)
  A sky beast (D:6)
  An ogre (D:5)
  A scorpion (D:6)
  A howler monkey (D:6)
  4 orc priests
  A hound (D:5)
  2 jellies
  An orc wizard (D:3)
  An iguana (D:5)
  A worker ant (D:5)
  6 adders
  3 gnolls
  2 shadow imps
  2 dart slugs
  A leopard gecko (D:2)
  14 orcs
  8 giant cockroaches
  7 goblins
  6 hobgoblins
  A quokka (D:5)
  A ball python (D:6)
  2 bats (D:2)
  4 frilled lizards (D:1)
  6 kobolds
  3 rats
82 creatures vanquished.

Notes
Turn   | Place    | Note
-------+----------+-------------------------------------------
     0 | D:1      | Lanoc the Formicid Fighter began the quest for the Orb.
     0 | D:1      | Reached XP level 1. HP: 18/18 MP: 1/1
    97 | D:1      | Reached XP level 2. HP: 24/24 MP: 2/2
   542 | D:1      | Reached XP level 3. HP: 28/29 MP: 3/3
  1153 | D:2      | Reached skill level 1 in Dodging
  1191 | D:2      | Reached XP level 4. HP: 27/36 MP: 4/4
  1607 | D:2      | Reached XP level 5. HP: 40/42 MP: 5/5
  1850 | D:3      | You fall through a shaft!
  1890 | D:4      | Found an ancient bone altar of Kikubaaqudgha.
  2034 | D:4      | Reached XP level 6. HP: 8/48 MP: 6/6
  2705 | D:5      | Entered Level 5 of the Dungeon
  2726 | D:5      | Noticed an ogre
  2735 | D:5      | Killed an ogre
  2777 | D:5      | Noticed a hungry ghost
  2824 | D:5      | Killed a hungry ghost
  2824 | D:5      | Reached skill level 5 in Shields
  2824 | D:5      | Reached XP level 7. HP: 7/55 MP: 7/7
  3460 | D:6      | Reached skill level 5 in Long Blades
  3524 | D:6      | Got a twisted robe
  3535 | D:6      | Identified the +2 robe "Zatycin" {rF+++ rC- rCorr Str+4}
                  | (You found it on level 6 of the Dungeon)
  3569 | D:6      | Reached skill level 5 in Fighting
  3569 | D:6      | Reached XP level 8. HP: 20/62 MP: 8/8
  3760 | D:6      | Noticed Grinder
  3798 | D:6      | Killed Grinder
  3798 | D:6      | Reached skill level 5 in Armour
  3946 | D:6      | Noticed Eustachio
  3952 | D:6      | HP: 3/62 [orc priest/divine providence (10)]
  3963 | D:6      | HP: 3/62 [orc wizard/puff of flame (1)]
  3964 | D:6      | HP: 1/62 [Eustachio/+0 rapier (2)]
  3965 | D:6      | Gained mutation: You have an increased reservoir of magic.
                  | (+10% MP) [potion of mutation]
  3965 | D:6      | Gained mutation: Scrolls take you a little longer to read.
                  | [potion of mutation]
  3965 | D:6      | Gained mutation: Your skin changes colour to match your
                  | surroundings (Stealth+). [potion of mutation]
  3980 | D:6      | Killed from afar by an orc wizard

Vault maps used:
D:1:      minmay_arrival_stone_box
D:3:      gammafunk_ghost_icy
D:4:      kiku_gazebo_pond_becter, first_ration
D:6:      uniq_eustachio, uniq_grinder

Skill      XL: |  1  2  3  4  5  6  7  8 |
---------------+-------------------------+-----
Dodging        | 1 2 3 |  3.2
Shields        | 4 5 |  5.8
Long Blades    | 3 4 5 |  5.7
Fighting       | 4 5 |  5.2
Armour         | 4 5 |  5.2

Action                   |  1- 3 |  4- 6 |  7- 9 || total
-------------------------+-------+-------+-------++-------
Melee: Long sword        |   103 |   193 |   158 ||   454
 Abil: Dig               |     2 |       |       ||     2
  Use: Potion            |       |     1 |     6 ||     7
       Scroll            |       |     9 |     4 ||    13
  Eat: Chunk             |     1 |     5 |    13 ||    19
       Ration            |       |     5 |       ||     5
Armor: Scale mail        |    10 |       |       ||    10
       Plate armour      |    59 |   110 |    92 ||   261
Dodge: Dodged            |    25 |    41 |    48 ||   114
Block: Shield            |    57 |    97 |    94 ||   248
       Rpst.: Long sword |    11 |    12 |    20 ||    43

Table legend:
 A = Non-vault XP
 B = Vault XP
 C = Vault XP percentage of total XP
 D = Non-vault monster count
 E = Vault monster count
 F = Vault count percentage of total count
                 A         B        C        D         E       F
            +---------+---------+-------+---------+---------+-------
      Total |    1209 |     267 |  18.1 |      81 |       1 |   1.2
            +---------+---------+-------+---------+---------+-------
        D:1 |      63 |       0 |   0.0 |      23 |       0 |   0.0
        D:2 |      82 |       0 |   0.0 |      18 |       0 |   0.0
        D:3 |      64 |       0 |   0.0 |      10 |       0 |   0.0
        D:4 |      98 |       0 |   0.0 |       4 |       0 |   0.0
        D:5 |     492 |       0 |   0.0 |      11 |       0 |   0.0
        D:6 |     410 |     267 |  39.4 |      15 |       1 |   6.2
            +---------+---------+-------+---------+---------+-------
